 Dungeon Crawl Stone Soup version 0.25-a0-248-g18654cf (webtiles) character file.

Game seed: 7329030841025588649, levelgen mode: deterministic

121 DrEnzyme the Magician (level 4, -1/25 HPs)
             Began as a Deep Elf Wanderer on Dec 3, 2019.
             Engulfed by a cloud of flame (23 damage)
             ... on level 3 of the Dungeon.
             The game lasted 00:16:29 (4518 turns).

DrEnzyme the Magician (Deep Elf Wanderer)           Turns: 4518, Time: 00:16:30

Health: -1/25      AC:  2    Str:  9    XL:     4   Next: 77%
Magic:  0/14       EV: 12    Int: 15    God:
Gold:   116        SH:  0    Dex: 17    Spells: 4/15 levels left

rFire    . . .     SeeInvis .   a - +0 dagger
rCold    . . .     Gourm    +   (no shield)
rNeg     . . .     Faith    .   c - +0 robe
rPois    .         Spirit   .   (no helmet)
rElec    .         Reflect  .   (no cloak)
rCorr    .         Harm     .   (no gloves)
MR       .....                  (no boots)
Stlth    ++........             g - amulet of the gourmand
HPRegen  0.08/turn              (no ring)
MPRegen  0.14/turn              (no ring)

@: very slightly contaminated
A: no striking features
a: no special abilities


You were on level 3 of the Dungeon.
You were hungry.

You visited 1 branch of the dungeon, and saw 3 of its levels.

You collected 116 gold pieces.

Inventory:

Hand Weapons
 a - a +0 dagger (weapon)
Missiles
 j - 14 poisoned darts (quivered)
Armour
 c - a +0 robe (worn)
Jewellery
 g - an amulet of the gourmand (around neck)
 i - an uncursed amulet of guardian spirit {unknown}
Scrolls
 d - 3 scrolls of remove curse
 k - 2 scrolls of fear
 m - a scroll of magic mapping {unknown}
 n - a scroll of fog {unknown}
 o - a scroll of amnesia {unknown}
Potions
 b - a potion of curing
 e - a potion of ambrosia
 h - 3 potions of brilliance
 l - a potion of cancellation {unknown}
 p - a potion of berserk rage
 r - a potion of resistance {unknown}
 s - 2 potions of heal wounds
Comestibles
 f - 7 rations


   Skills:
 - Level 1.5 Fighting
 - Level 2.0 Throwing
 * Level 1.9 Dodging
 * Level 1.6 Stealth
 - Level 1.5 Unarmed Combat
 * Level 6.4 Spellcasting
 * Level 2.1 Conjurations
 + Level 0.1 Summonings


You had 4 spell levels left.
You knew the following spells:

 Your Spells              Type           Power        Failure   Level  Hunger
a - Magic Dart            Conj           ##..         6%          1    None
b - Call Imp              Summ           #.......     21%         2    #......
c - Blink                 Tloc           N/A          22%         2    #......
d - Conjure Flame         Conj/Fire      #.......     26%         3    ##.....
e - Mephitic Cloud        Conj/Pois/Air  #.......     32%         3    ##.....

Your spell library contained the following spells:

 Spells                   Type           Power        Failure   Level  Hunger
 Slow                     Hex            #.......     22%         2    #......


Dungeon Overview and Level Annotations

Branches:
Dungeon (3/15)

Altars:
Uskayaw


Message History

Your iron imp disappears in a puff of smoke!
Casting: Call Imp (safe; 21% risk of failure)
Confirm with . or Enter, or press ? or * to list all spells.
The fire begins to smolder!
Something hits you.
Casting: Conjure Flame (safe; 26% risk of failure)
Confirm with . or Enter, or press ? or * to list all spells.
You miscast Conjure Flame.
You are very lightly contaminated with residual magic.
You hear a sizzling sound.
Something hits you.
You smother the flame.
Casting: Conjure Flame (safe; 26% risk of failure)
Confirm with . or Enter, or press ? or * to list all spells.
The fire begins to smolder!
Something hits you.
Casting: Conjure Flame (safe; 26% risk of failure)
Confirm with . or Enter, or press ? or * to list all spells.
The fire ignites!
You are feeling hungry.
You are engulfed in blazing flames.
Ouch! That really hurt!
You die...

... ..#
#.# #.#
#o. #.#
#o. #.#
#..## #.#
.... #{#
... #@#
#.. . #.#
#.. .##
#.# #..
..# #.#
#.. ..#
#.# ##รท.
..# #.#
######.##
..## #.#
#.....)#
...# #.#
#.####.##
...# #.#
#...


There were no monsters in sight!

Vanquished Creatures
  A leopard gecko (D:2)
  3 orcs (D:3)
  A ball python (D:2)
  2 giant cockroaches
  5 goblins
  7 hobgoblins
  A jackal (D:3)
  A quokka (D:2)
  12 bats
  3 frilled lizards
  2 kobolds (D:1)
  5 rats
43 creatures vanquished.

Vanquished Creatures (collateral kills)
  An orc priest (D:3)
  Natasha (thrice) (D:2)
  An adder (D:2)
  2 orcs (D:2)
  3 hobgoblins
  3 quokkas
13 creatures vanquished.

Grand Total: 56 creatures vanquished

Notes
Turn   | Place    | Note
-------+----------+-------------------------------------------
     0 | D:1      | DrEnzyme the Deep Elf Wanderer began the quest for the Orb.
     0 | D:1      | DrEnzyme set off with the following items: a +0 dagger, 2
                  | potions of curing, a +0 robe, a ration; and the following
                  | spell memorised: Magic Dart; and the following spells
                  | available to memorise: Blink, Call Imp, Slow, Conjure
                  | Flame, Mephitic Cloud
     0 | D:1      | Reached XP level 1. HP: 12/12 MP: 7/7
   671 | D:1      | Reached XP level 2. HP: 3/16 MP: 0/9
   919 | D:1      | Learned a level 2 spell: Call Imp
   922 | D:1      | Learned a level 2 spell: Blink
  1028 | D:1      | Reached skill level 5 in Spellcasting
  1855 | D:2      | Noticed Natasha
  1876 | D:2      | Noticed a crimson imp
  1876 | D:2      | Killed Natasha
  1876 | D:2      | Reached skill level 1 in Stealth
  1876 | D:2      | Reached skill level 1 in Conjurations
  1876 | D:2      | Reached XP level 3. HP: 13/20 MP: 3/11
  2269 | D:2      | Noticed Natasha
  2284 | D:2      | Killed Natasha
  2985 | D:2      | Noticed Natasha
  3007 | D:2      | Killed Natasha
  3007 | D:2      | Reached skill level 6 in Spellcasting
  3007 | D:2      | Reached XP level 4. HP: 13/25 MP: 4/14
  3294 | D:2      | Found a hide-covered altar of Uskayaw.
  3506 | D:2      | Learned a level 3 spell: Conjure Flame
  4445 | D:3      | Learned a level 3 spell: Mephitic Cloud
  4518 | D:3      | Engulfed by a cloud of flame

Levels and vault maps discovered:
D:1:      nicolae_arrival_somewhat_less_tricky_arrival, layout_basic
D:2:      layout_loops_ring, old_standard_altar, uniq_natasha
D:3:      layout_loops_ring, gammafunk_ghost_nasty_kobolds

Skill      XL: |  1  2  3  4 |
---------------+-------------+-----
Spellcasting   | 5 6 |  6.4
Stealth        | 1 |  1.6
Conjurations   | 1 2 |  2.1
Fighting       | |  1.5
Throwing       | |  2.0
Dodging        | |  1.9
Unarmed Combat | |  1.5
Summonings     | |  0.1

Action                   |  1- 3 |  4- 6 || total
-------------------------+-------+-------++-------
Melee: Dagger            |    26 |    16 ||    42
       Punch             |       |     1 ||     1
Throw: Dart              |     3 |       ||     3
 Cast: Magic Dart        |   112 |    31 ||   143
       Call Imp          |    15 |    11 ||    26
       Conjure Flame     |       |    13 ||    13
  Use: Scroll            |       |     7 ||     7
       Potion            |       |     1 ||     1
  Eat: Chunk             |     7 |     5 ||    12
Armor: Robe              |    21 |     7 ||    28
Dodge: Dodged            |    77 |    30 ||   107

Table legend:
 A = Non-vault XP
 B = Vault XP
 C = Vault XP percentage of total XP
 D = Non-vault monster count
 E = Vault monster count
 F = Vault count percentage of total count
                 A         B        C        D         E       F
            +---------+---------+-------+---------+---------+-------
      Total |     154 |      20 |  11.5 |      55 |       1 |   1.8
            +---------+---------+-------+---------+---------+-------
        D:1 |      29 |       0 |   0.0 |      20 |       0 |   0.0
        D:2 |      86 |      20 |  18.9 |      26 |       1 |   3.7
        D:3 |      39 |       0 |   0.0 |       9 |       0 |   0.0
            +---------+---------+-------+---------+---------+-------
